 Dungeon Crawl Stone Soup version 0.21-a0-522-ga8338f0 (webtiles) character file.

129 solxrula the Cudgeler (level 4, 0/44 HPs)
             Began as a Troll Berserker on Dec 6, 2017.
             Was a Believer of Trog.
             Slain by a gnoll
             ... wielding a +0 spear
              (3 damage)
             ... on level 2 of the Dungeon.
             The game lasted 00:04:08 (1095 turns).

solxrula the Cudgeler (Troll Berserker)             Turns: 1095, Time: 00:04:08

Health: 0/44       AC:  5    Str: 26      XL:     4   Next: 88%
Magic:  3/3        EV: 10    Int:  1 (3)  God:    Trog [**....]
Gold:   89         SH:  0    Dex:  9      Spells: 3/3 levels left

rFire    . . .     SeeInvis .   a - +1 mace
rCold    . . .     Gourm    +   (no shield)
rNeg     . . .     Faith    .   b - +0 animal skin
rPois    .         Spirit   .   (helmet restricted)
rElec    .         Reflect  .   (no cloak)
rCorr    .         Harm     .   (gloves unavailable)
MR       .....                  (boots unavailable)
Stlth    +.........             m - amulet of regeneration
HPRegen  0.94/turn              (no ring)
MPRegen  0.08/turn              (no ring)

@: berserk cooldown
A: large, unfitting armour, claws 3, fast metabolism 3, gourmand, regeneration
1, shaggy fur 1, tough skin 2
a: Berserk, Trog's Hand, Burn Spellbooks, Renounce Religion


You were on level 2 of the Dungeon.
You worshipped Trog.
Trog was pleased with you.
You were not hungry.

You visited 1 branch of the dungeon, and saw 2 of its levels.

You collected 89 gold pieces.

Inventory:

Hand Weapons
 a - a +1 mace (weapon)
Armour
 b - a +0 animal skin (worn)
Jewellery
 m - an amulet of regeneration (around neck)
Scrolls
 n - a scroll of identify
Potions
 d - a potion of heal wounds
Comestibles
 c - 3 bread rations
 f - 5 fruits
 h - 2 royal jellies
 j - a meat ration


   Skills:
 + Level 2.7 Fighting
 * Level 4.4 Maces & Flails
 + Level 3.0 Dodging
 + Level 0.2 Stealth


You had 3 spell levels left.
You didn't know any spells.

Dungeon Overview and Level Annotations

Branches:
Dungeon (2/15)

Altars:


Innate Abilities, Weirdness & Mutations

You are too large for most types of armour.
You have claws for hands.
Your metabolism is lightning-fast.
You like to eat raw meat.
Your natural rate of healing is unusually fast.
You are covered in fur. (AC +1)
You have very tough skin. (AC +2)


Message History

You closely miss the gnoll.
The gnoll is heavily wounded.
The gnoll hits you with a spear.
* * * LOW HITPOINT WARNING * * *
The gnoll hits you but does no damage.
You closely miss the gnoll.
The gnoll is heavily wounded.
The gnoll hits you with a spear.
* * * LOW HITPOINT WARNING * * *
The gnoll hits you with a spear.
* * * LOW HITPOINT WARNING * * *
You hit the gnoll.
The gnoll is severely wounded.
You feel yourself speed up. The gnoll hits you with a spear.
* * * LOW HITPOINT WARNING * * *
You hit the gnoll.
The gnoll is severely wounded.
The gnoll hits you with a spear.
You die...

# .# .#
#####.#######.#
#......#...%..#
#......#.#
#.<....#(# .
#.%.?..#@######..
#.......g......#
#.............##
#...........###
####.......##
####.......#
...........#
..........#.#
..........#.#


You could see a gnoll.

Vanquished Creatures
  A scorpion (D:2)
  3 gnolls (D:2)
  An adder (D:2)
  An ooze (D:1)
  A dart slug (D:1)
  3 bats (D:1)
  2 giant cockroaches (D:1)
  5 goblins (D:1)
  2 hobgoblins (D:1)
  4 jackals (D:1)
  4 kobolds
  2 frilled lizards (D:1)
  3 rats (D:1)
32 creatures vanquished.

Notes
Turn   | Place    | Note
-------+----------+-------------------------------------------
     0 | D:1      | solxrula the Troll Berserker began the quest for the Orb.
     0 | D:1      | Reached XP level 1. HP: 22/22 MP: 0/0
   121 | D:1      | Reached skill level 3 in Maces & Flails
   121 | D:1      | Reached XP level 2. HP: 27/29 MP: 1/1
   454 | D:1      | Reached XP level 3. HP: 36/36 MP: 2/2
  1037 | D:2      | Noticed a scorpion
  1048 | D:2      | Killed a scorpion
  1048 | D:2      | Reached skill level 4 in Maces & Flails
  1048 | D:2      | Reached XP level 4. HP: 31/44 MP: 3/3
  1073 | D:2      | Reached ** piety under Trog
  1094 | D:2      | HP: 2/44 [gnoll/spear (3)]
  1095 | D:2      | Slain by a gnoll

Vault maps used:
D:1:      lemuel_arrival_cross, minmay_misc_feat_cross, minmay_close_crescents
D:2:      nicolae_gozag_cash_rules_everything_around_me,
          chequers_ecumenical_altar_lobes, uniq_sigmund

Skill      XL: |  1  2  3  4 |
---------------+-------------+-----
Maces & Flails | 3 4 |  4.4
Dodging        | 3 |  3.0
Fighting       | |  2.7
Stealth        | |  0.2

Action                   |  1- 3 |  4- 6 || total
-------------------------+-------+-------++-------
Melee: Mace              |    80 |    17 ||    97
Invok: Berserk           |       |     1 ||     1
  Use: Potion            |     5 |       ||     5
       Scroll            |     4 |       ||     4
 Stab: Sleeping          |     1 |       ||     1
  Eat: Chunk             |    12 |       ||    12
Armor: Animal skin       |    36 |     6 ||    42
Dodge: Dodged            |    61 |    11 ||    72

Table legend:
 A = Spawn XP
 B = Non-spawn XP
 C = Spawn XP percentage of total XP
 D = Spawn monster count
 E = Non-spawn monster count
 F = Spawn count percentage of total count
 G = Total turns spent on level
                    A         B        C        D         E        F      G
               +---------+---------+-------+---------+---------+-------+---------
         Total |       0 |     185 |   0.0 |       0 |      32 |   0.0 |  1095
               +---------+---------+-------+---------+---------+-------+---------
           D:1 |       0 |      53 |   0.0 |       0 |      26 |   0.0 |  1037
           D:2 |       0 |     132 |   0.0 |       0 |       6 |   0.0 |    58
               +---------+---------+-------+---------+---------+-------+---------
